 Dungeon Crawl Stone Soup version 0.31.0-32-g396128a36d (webtiles) character file.

Game seed: 11971247767610380749

184 Renzlar the Shield-Bearer (level 5, 0/8 HPs)
             Began as a Gnoll Fighter on Mar 18, 2024.
             Slain by an adder (1 damage)
             ... on level 4 of the Dungeon on Apr 14, 2024.
             The game lasted 00:11:55 (2611 turns).

Renzlar the Shield-Bearer (Gnoll Fighter)           Turns: 2611, Time: 00:11:56

Health: 0/8        AC:  3    Str: 21 (23) XL:     5   Next: 64%
Magic:  7/7        EV:  9    Int:  7      God:
Gold:   138        SH:  0    Dex: 11      Spells: 7/7 levels left

rFire   . . .        c - melded +0 sling
rCold   . . .        f - melded +0 buckler
rNeg    . . .        b - melded +0 scale mail
rPois   +            (helmet currently unavailable)
rElec   .            (cloak currently unavailable)
rCorr   .            (gloves currently unavailable)
SInv    .            (boots currently unavailable)
Will    .....        (no amulet)
Stlth   ++           (no ring)
HPRegen 0.21/turn    (no ring)
MPRegen 0.10/turn

%: no passive effects
@: snake-form
A: constrict, reduced hp, large, (fangs 1), strong nose, distributed training
a: Begin Untransformation


You were on level 4 of the Dungeon.
You were an enormous serpent.
You visited 1 branch of the dungeon, and saw 4 of its levels.

You collected 138 gold pieces.

Inventory:

Hand Weapons
 a - a +0 war axe
 c - a +0 sling (melded)
Armour
 b - a +0 scale mail (melded)
 f - a +0 buckler (melded)
Jewellery
 h - a ring of wizardry
Talismans
 m - a serpent talisman (active)
Wands
 g - a wand of charming (9)
Scrolls
 d - a scroll of teleportation
 j - a scroll of revelation
Potions
 e - a potion of enlightenment
 i - a potion of resistance
 k - 2 potions of curing {unknown}
 l - a potion of mutation {unknown}


   Skills:
 + Level 6.7 Fighting
 + Level 1.6 Short Blades
 + Level 1.6 Long Blades
 + Level 4.8 Axes
 + Level 1.6 Maces & Flails
 + Level 1.6 Polearms
 + Level 1.6 Staves
 + Level 1.6 Ranged Weapons
 + Level 1.6 Throwing
 + Level 6.7 Armour
 + Level 1.6 Dodging
 + Level 1.6 Stealth
 + Level 6.7 Shields
 + Level 1.6 Unarmed Combat
 + Level 1.6 Spellcasting
 + Level 1.3 Conjurations
 + Level 1.3 Hexes
 + Level 1.3 Summonings
 + Level 1.3 Necromancy
 + Level 1.3 Translocations
 + Level 1.3 Fire Magic
 + Level 1.3 Ice Magic
 + Level 1.3 Air Magic
 + Level 1.3 Earth Magic
 + Level 1.3 Alchemy
 + Level 1.9 Invocations
 + Level 1.6 Evocations
 + Level 1.5 Shapeshifting


You had 7 spell levels left.
You didn't know any spells.
Your spell library contained the following spells:

 Spells                   Type           Power      Damage    Failure   Level
 Freeze                   Ice            8%         1d3       22%         1
 Sandblast                Erth           4%         2d4       22%         1
 Jinxbite                 Hex            4%         N/A       34%         2
 Frozen Ramparts          Ice            4%         1d1       56%         3
 Hailstorm                Conj/Ice       2%         3d5       56%         3
 Passwall                 Erth           2%         N/A       56%         3
 Stone Arrow              Conj/Erth      4%         3d7       56%         3
 Brom's Barrelling Bould  Conj/Erth      2%         2d3       92%         4
 Yara's Violent Unravell  Hex/Alch       1%         3d3       99%         5
 Enfeeble                 Hex            1%         N/A       100%        7


Dungeon Overview and Level Annotations

Branches:
Dungeon (4/15)
 Temple: D:4-7

Altars:
Fedhas
Gozag
Zin


Innate Abilities, Weirdness & Mutations

You are an enormous serpent.
You have a powerful constriction melee attack.
Your maximum health is decreased, since you lack skill for your form.
Your armour is entirely melded.
You are incapable of wielding weapons or throwing items.
((You have very sharp teeth.))
Your uncanny sense of smell can sniff out nearby items.
Your experience applies equally to all skills.


Message History

You turn into an enormous serpent.
Your +0 sling melds into your body.
Your +0 buckler melds into your body.
Your +0 scale mail melds into your body.
HP restored.
Unknown command.
Unknown command.
You closely miss the quokka. Your grab misses the quokka.
The quokka closely misses you.
The kobold hits you with a +0 short sword.
You hit the quokka but do no damage. You grab the quokka.
You constrict the quokka.
You kill the quokka!
The kobold hits you with a +0 short sword.
The adder bites you but does no damage.
Unknown command.
You hit the adder. Your grab misses the adder.
The adder is moderately wounded.
The kobold hits you but does no damage. The adder closely misses you.
You barely miss the adder. Your grab misses the adder.
The adder is moderately wounded.
The kobold hits you with a +0 short sword.
* * * LOW HITPOINT WARNING * * *
The adder bites you.
* * * LOW HITPOINT WARNING * * *
Unknown command.
You barely miss the kobold. You grab the kobold.
You constrict the kobold, but do no damage.
The adder bites you.
* * * LOW HITPOINT WARNING * * *
The kobold closely misses you.
Unknown command.
You barely miss the kobold. You constrict the kobold. The adder misses you.
The kobold hits you but does no damage. The adder bites you but does no damage.
Unknown command.
You hit the kobold but do no damage.
The kobold is moderately wounded.
You constrict the kobold.
You kill the kobold!
The adder bites you.
You die...

. .....# .. ∆
..... .. ...
#...# ...
<...####...##...
................
...†...[.......
...>..†<...#
....?....$S#
..[.####..S# ...
#...# . #....+
#....# ∆ #...##
#..># ∆ #...# ∆
#.?.#


You could see an adder.

Vanquished Creatures
  An orc priest (D:3)
  An orc wizard (D:3)
  6 adders
  4 dart slugs
  4 ribbon worms (D:2)
  2 orcs (D:3)
  4 bats
  9 endoplasms
  2 giant cockroaches (D:3)
  5 hobgoblins
  7 kobolds
  2 quokkas
  4 ball pythons
  4 frilled lizards
  A goblin (D:3)
  4 rats
60 creatures vanquished.

Notes
Turn   | Place    | Note
-------+----------+-------------------------------------------
     0 | D:1      | Renzlar the Gnoll Fighter began the quest for the Orb.
     0 | D:1      | Reached XP level 1. HP: 23/23 MP: 1/1
    59 | D:1      | Reached XP level 2. HP: 27/29 MP: 2/2
   686 | D:2      | Reached XP level 3. HP: 32/35 MP: 3/3
   726 | D:2      | Found a glowing silver altar of Zin.
   795 | D:2      | Reached skill level 1 in Invocations
   873 | D:2      | Reached skill level 1 in Short Blades
   873 | D:2      | Reached skill level 1 in Long Blades
   873 | D:2      | Reached skill level 1 in Maces & Flails
   873 | D:2      | Reached skill level 1 in Polearms
   873 | D:2      | Reached skill level 1 in Staves
   873 | D:2      | Reached skill level 1 in Ranged Weapons
   873 | D:2      | Reached skill level 1 in Throwing
   873 | D:2      | Reached skill level 1 in Dodging
   873 | D:2      | Reached skill level 1 in Stealth
   873 | D:2      | Reached skill level 1 in Unarmed Combat
   873 | D:2      | Reached skill level 1 in Spellcasting
   873 | D:2      | Reached skill level 1 in Evocations
  1192 | D:2      | Found a faded altar of an unknown god.
  1241 | D:2      | Reached skill level 1 in Shapeshifting
  1241 | D:2      | Reached XP level 4. HP: 33/41 MP: 5/5
  1642 | D:3      | Reached skill level 1 in Conjurations
  1642 | D:3      | Reached skill level 1 in Hexes
  1642 | D:3      | Reached skill level 1 in Summonings
  1642 | D:3      | Reached skill level 1 in Necromancy
  1642 | D:3      | Reached skill level 1 in Translocations
  1642 | D:3      | Reached skill level 1 in Fire Magic
  1642 | D:3      | Reached skill level 1 in Ice Magic
  1642 | D:3      | Reached skill level 1 in Air Magic
  1642 | D:3      | Reached skill level 1 in Earth Magic
  1642 | D:3      | Reached skill level 1 in Alchemy
  1763 | D:3      | HP: 2/41 [poisoned by an orc]
  1769 | D:3      | Reached XP level 5. HP: 4/47 MP: 5/7
  2046 | D:3      | Found a blossoming altar of Fedhas.
  2168 | D:3      | Found an opulent altar of Gozag.
  2183 | D:3      | Found an opulent altar of Gozag.
  2194 | D:3      | Found an opulent altar of Gozag.
  2388 | D:3      | Found an opulent altar of Gozag.
  2611 | D:4      | Slain by an adder

Illustrated notes

Levels and vault maps discovered:
D:1:      spicycebolla_arrival_risky_transporter, layout_basic,
          interstate_on_off, palyth_stone_intersect
D:2:      layout_basic, chequers_ecumenical_altar_lobes, basic_altar
D:3:      layout_loops_ring, nicolae_gozag_conspicuous_consumption,
          mainiacjoe_overflow_six_doors_small
D:4:      layout_gridville, minmay_temple_entry_waves

Skill      XL: |  1  2  3  4 |
---------------+-------------+-----
Invocations    | 1 |  1.9
Short Blades   | 1 |  1.6
Long Blades    | 1 |  1.6
Maces & Flails | 1 |  1.6
Polearms       | 1 |  1.6
Staves         | 1 |  1.6
Ranged Weapons | 1 |  1.6
Throwing       | 1 |  1.6
Dodging        | 1 |  1.6
Stealth        | 1 |  1.6
Unarmed Combat | 1 |  1.6
Spellcasting   | 1 |  1.6
Evocations     | 1 |  1.6
Shapeshifting  | 1 |  1.5
Conjurations   | 1 |  1.3
Hexes          | 1 |  1.3
Summonings     | 1 |  1.3
Necromancy     | 1 |  1.3
Translocations | 1 |  1.3
Fire Magic     | 1 |  1.3
Ice Magic      | 1 |  1.3
Air Magic      | 1 |  1.3
Earth Magic    | 1 |  1.3
Alchemy        | 1 |  1.3
Fighting       | |  6.7
Axes           | |  4.8
Armour         | |  6.7
Shields        | |  6.7

Action                     |  1- 3 |  4- 6 || total
---------------------------+-------+-------++-------
  Melee: War axe           |   100 |    61 ||   161
         Bite              |     7 |     7 ||    14
         Unarmed           |       |     7 ||     7
         Constrict         |       |     2 ||     2
   Fire: Sling             |       |    44 ||    44
    Use: Scroll            |     4 |     2 ||     6
         Potion            |       |     2 ||     2
 Armour: Scale mail        |    61 |    53 ||   114
         Skin              |       |    10 ||    10
  Dodge: Dodged            |    50 |    36 ||    86
  Block: Buckler           |    22 |    20 ||    42
   Form: Serpent           |       |     1 ||     1
